 Dungeon Crawl Stone Soup version 0.18.1-5-g4a78601 (webtiles) character file.

18143 Scarto the Fighter (level 12, -11/106 HPs)
             Began as a Demonspawn Fighter on May 12, 2016.
             Was a High Priest of Qazlal.
             Mangled by a vault guard
             ... wielding a +0 great sword
              (14 damage)
             ... on level 12 of the Dungeon.
             The game lasted 00:30:56 (11535 turns).

Scarto the Fighter (Demonspawn Fighter)            Turns: 11535, Time: 00:30:57

Health: -11/106    AC: 33    Str: 21    XL:     12   Next: 25%
Magic:  11/16      EV: 10    Int: 12    God:    Qazlal [*****.]
Gold:   633        SH: 19    Dex: 14    Spells: 0 memorised, 11 levels left

rFire  . . .     SeeInvis .     a - +3 war axe
rCold  + . .     Gourm    .     B - +6 plate armour {rPois}
rNeg   . . .     Faith    +     c - +0 shield
rPois  +         Spirit   .     (helmet restricted)
rElec  +         Dismiss  .     E - +1 cloak
rCorr  +         Reflect  .     (no gloves)
SustAt +         Harm     .     (no boots)
MR     .....                    O - amulet of faith
Stlth  ..........               K - ring of sustain attributes
                                x - ring of resist corrosion

@: agile, protected from physical damage, repel missiles, not resistant to
hostile enchantments, extremely unstealthy
A: claws 2, hooves 1, horns 1, iridescent scales 3, blurry vision 1, clever 1,
clumsy 2, cold resistance 1, low mp 1, powered by pain 1, robust 1, electricity
resistance, evolution 1, freezing cloud immunity
a: Upheaval, Elemental Force, Disaster Area, Renounce Religion


You were on level 12 of the Dungeon.
You worshipped Qazlal.
Qazlal was extremely pleased with you.
You were hungry.

You visited 2 branches of the dungeon, and saw 14 of its levels.

You collected 693 gold pieces.
You spent 60 gold pieces at shops.

Inventory:

Hand Weapons
 a - a +3 war axe (weapon)
 G - a +3 morningstar
Missiles
 y - 16 tomahawks (quivered)
 M - 7 poisoned javelins
Armour
 c - a +0 shield (worn)
 B - a +6 plate armour of poison resistance (worn)
 E - a +1 cloak (worn)
Jewellery
 d - an uncursed ring of fire
 x - a ring of resist corrosion (left claw)
 K - a ring of sustain attributes (right claw)
 O - an amulet of faith (around neck)
 S - an uncursed amulet of dismissal
Wands
 b - a wand of flame (27/48)
 h - a wand of digging (18/24)
 k - a wand of teleportation (3/9)
 r - a wand of digging (9/24)
 v - a wand of random effects (22/48)
 z - a wand of flame (26/48)
 Q - a wand of digging (7/24)
 R - a wand of digging (13/24)
 T - a wand of polymorph (12/24)
Scrolls
 e - 3 scrolls of fear
 g - 2 scrolls of recharging
 m - a scroll of silence
 p - 4 scrolls of immolation
 A - 2 scrolls of teleportation
 C - 3 scrolls of magic mapping
 J - 4 scrolls of remove curse
 N - 2 scrolls of identify
Potions
 f - 3 potions of flight
 i - 7 potions of brilliance
 j - a potion of magic
 o - a potion of berserk rage {unknown}
 s - a potion of ambrosia {unknown}
 t - 3 potions of invisibility
 u - 2 potions of degeneration
 F - 3 potions of curing
Comestibles
 l - 7 beef jerkies
 q - 5 fruits
 w - 4 bread rations
 D - 2 slices of pizza
 H - 6 meat rations
 L - 2 royal jellies


   Skills:
 + Level 10.3 Fighting
 + Level 8.9 Axes
 + Level 9.2 Armour
 + Level 9.4 Shields
 + Level 9.0 Invocations


You had 11 spell levels left.
You didn't know any spells.

Dungeon Overview and Level Annotations

Branches:
Dungeon (13/15)            Temple (1/1) D:5            Lair (0/8) D:10
    Orc (0/2) D:12
 Vaults: D:13-14

Altars:
Ashenzari
Cheibriados
Dithmenos
Fedhas
Gozag
Kikubaaqudgha
Makhleb
Nemelex Xobeh
Okawaru
Pakellas
Qazlal
Ru
Sif Muna
Trog
Xom
Yredelemnul
Zin
The Shining One

Shops:
D:4 }   D:8 ?   D:9 *   D:12 ?

Annotations:
D:6 Prince Ribbit


Innate Abilities, Weirdness & Mutations

You have very sharp fingernails.
You are completely covered in iridescent scales (AC +8).
Your flesh is cold resistant.
You sometimes gain a little power by taking damage.
You are immune to freezing clouds.
You have large cloven feet.
You have a pair of small horns on your head.
Scrolls take you a little longer to read.
Your mind is acute. (Int +2)
You are very clumsy. (Dex -4)
Your magical capacity is low (-10% MP).
You are robust (+10% HP).
You are resistant to electric shocks.
You evolve.


Message History

The vault guard is lightly wounded.
The vault guard blocks your attack.
The vault guard is moderately wounded.
You hit the vault guard but do no damage.
The vault guard is heavily wounded.
You completely miss the slime creature.
The slime creature is moderately wounded.
You completely miss the slime creature.
The slime creature is moderately wounded.
Something hits you.
* * * LOW HITPOINT WARNING * * *
You feel more protected from physical attacks.
You block the vault guard's attack.
The slime creature hits you but does no damage.
The slime creature hits you!
* * * LOW HITPOINT WARNING * * *
The orc warrior hits you but does no damage.
The vault guard is engulfed in roaring flames.
The vault guard hits you with a great sword!
You die...

##### ############# #...#
#...........# #...# #.§§§.(.....#
#...# #ppo........# #...#
#p@§........#
########...####JJ.........# ##
...............§..§.......######.
........######......#'##.........
........# #......#..#......§..
##'#..[.# #.####'#..#.........
...#....# #.'.....♣.#..######.
...#....######.'...♣.∩.♣..# #.
...#...........#.....♣....# #.


You could see 3 vault guards, 2 slime creatures and an orc warrior.

Vanquished Creatures
  Josephine (D:12)
  A vault guard (D:12)
  Urug (D:12)
  An unseen horror (D:12)
  The ghost of no0bjke the Shield-Bearer, a novice GrFi of Okawaru (D:9)
  Pikel (D:6)
  3 hill giants
  A manticore (D:9)
  The ghost of no0bjke the Covered, a novice GrFi of Okawaru (D:5)
  3 trolls
  Grinder (D:6)
  A two-headed ogre (D:8)
  3 slime creatures (D:12)
  Sigmund (D:2)
  A shadow (D:12)
  4 wraiths (D:12)
  8 yaks
  A wyvern (D:12)
  A steam dragon (D:6)
  3 hippogriffs
  4 hungry ghosts
  Duvessa (D:4)
  3 orc warriors
  Purgy (D:4)
  12 ice beasts
  4 sky beasts
  A necrophage (D:12)
  5 phantoms
  2 wasps
  9 ogres
  8 centaurs
  2 big kobolds
  4 giant frogs
  Dowan (D:4)
  A wyvern skeleton (D:9)
  A scorpion (D:12)
  12 killer bees (D:9)
  7 wights
  A vampire bat (D:9)
  4 howler monkeys
  A giant frog zombie (D:8)
  6 crimson imps
  A centaur zombie (D:6)
  A hound (D:8)
  3 jellies
  3 centaur skeletons
  11 orc priests
  Crazy Yiuf (D:5)
  Terence (D:3)
  5 iguanas
  8 orc wizards
  Natasha (thrice) (D:4)
  9 worker ants
  2 hound skeletons
  A worker ant zombie (D:5)
  A howler monkey skeleton (D:9)
  4 gnolls (D:8)
  10 adders
  2 shadow imps
  An ooze (D:1)
  An adder zombie (D:7)
  An adder skeleton (D:7)
  3 worms
  4 dart slugs
  2 giant geckos
  43 orcs
  7 bats
  5 bat zombies (D:9)
  6 giant cockroaches
  18 goblins
  6 hobgoblins
  8 jackals
  5 quokkas
  A giant gecko skeleton (D:4)
  3 giant newts
  A jackal skeleton (D:7)
  20 kobolds
  9 rats
  7 fungi (D:11)
345 creatures vanquished.

Vanquished Creatures (others)
  Eustachio (D:6)
  2 slaves (D:6)
  2 crimson imps (D:6)
  2 orc priests (D:6)
  An orc wizard (D:6)
  A hound skeleton (D:6)
  An adder zombie (D:6)
  4 giant geckos (D:6)
  An orc (D:6)
  A quokka (D:6)
  A giant gecko skeleton (D:6)
  3 fungi (D:11)
20 creatures vanquished.

Grand Total: 365 creatures vanquished

Notes
Turn   | Place    | Note
--------------------------------------------------------------
     0 | D:1      | Scarto the Demonspawn Fighter began the quest for the Orb.
     0 | D:1      | Reached XP level 1. HP: 18/18 MP: 1/1
     3 | D:1      | Noticed an electric eel
     3 | D:1      | Noticed an electric eel
   374 | D:1      | Gained mutation: You have sharp fingernails. [demonic ancestry]
   374 | D:1      | Reached XP level 2. HP: 20/24 MP: 2/2
   531 | D:1      | Gained mutation: You are partially covered in iridescent scales (AC +4). [demonic ancestry]
   531 | D:1      | Reached XP level 3. HP: 29/29 MP: 3/3
   646 | D:1      | Found a sparkling altar of Nemelex Xobeh.
   881 | D:2      | Noticed Sigmund
   891 | D:2      | Killed Sigmund
   891 | D:2      | Reached skill level 4 in Fighting
   891 | D:2      | Gained mutation: You have very sharp fingernails. [demonic ancestry]
   891 | D:2      | Reached XP level 4. HP: 16/37 MP: 4/4
   891 | D:2      | Gained mutation: You sometimes gain a little power by taking damage. [demonic ancestry]
   891 | D:2      | Reached XP level 5. HP: 19/42 MP: 5/5
  1141 | D:2      | Found a glowing golden altar of the Shining One.
  1143 | D:2      | Found a sparkling altar of Nemelex Xobeh.
  1667 | D:3      | Noticed Terence
  1684 | D:3      | Killed Terence
  1684 | D:3      | Reached XP level 6. HP: 45/49 MP: 6/6
  2259 | D:4      | Noticed Natasha
  2265 | D:4      | Killed Natasha
  2611 | D:4      | Found Goyjus's Gadget Emporium.
  2729 | D:4      | Noticed Purgy
  2749 | D:4      | Killed Purgy
  2749 | D:4      | Gained mutation: Your flesh is cold resistant. [demonic ancestry]
  2749 | D:4      | Reached XP level 7. HP: 38/55 MP: 7/7
  2807 | D:4      | Found a snail-covered altar of Cheibriados.
  2986 | D:4      | Noticed Natasha
  2991 | D:4      | Killed Natasha
  3026 | D:4      | Noticed Duvessa
  3030 | D:4      | Noticed Dowan
  3038 | D:4      | Killed Duvessa
  3038 | D:4      | Reached skill level 5 in Fighting
  3045 | D:4      | Killed Dowan
  3218 | D:4      | Noticed Natasha
  3225 | D:4      | Killed Natasha
  3358 | D:5      | Entered Level 5 of the Dungeon
  3394 | D:5      | Found a bloodstained altar of Trog.
  3470 | D:5      | Found a staircase to the Ecumenical Temple.
  3535 | Temple   | Entered the Ecumenical Temple
  3542 | Temple   | Became a worshipper of Qazlal Stormbringer
  3592 | D:5      | Noticed no0bjke's ghost (novice GrFi)
  3641 | D:5      | Killed no0bjke's ghost
  3641 | D:5      | Reached skill level 5 in Armour
  3641 | D:5      | Reached skill level 5 in Shields
  3641 | D:5      | Gained mutation: You are immune to freezing clouds. [demonic ancestry]
  3641 | D:5      | Reached XP level 8. HP: 11/64 MP: 8/8
  3934 | D:5      | Found a glowing silver altar of Zin.
  4112 | D:5      | Noticed Crazy Yiuf
  4127 | D:5      | Killed Crazy Yiuf
  4247 | D:6      | Reached skill level 6 in Fighting
  4271 | D:6      | Noticed Pikel
  4272 | D:6      | Noticed Grinder
  4289 | D:6      | Killed Pikel
  4289 | D:6      | Reached skill level 5 in Axes
  4294 | D:6      | Paralysed by Grinder for 3 turns
  4308 | D:6      | Paralysed by Grinder for 7 turns
  4316 | D:6      | Killed Grinder
  4316 | D:6      | Reached XP level 9. HP: 32/71 MP: 9/9
  4669 | D:6      | Killed Eustachio
  4884 | D:6      | Reached skill level 7 in Fighting
  4897 | D:6      | Found an iron altar of Okawaru.
  4990 | D:6      | Reached * piety under Qazlal
  5135 | D:6      | Noticed Prince Ribbit
  5761 | D:7      | Reached skill level 1 in Invocations
  6182 | D:7      | Reached ** piety under Qazlal
  6488 | D:8      | Found a shattered altar of Ashenzari.
  6574 | D:8      | Found Kiomiub's Magic Scroll Shop.
  6607 | D:8      | Bought a scroll of identify for 20 gold pieces
  6607 | D:8      | Bought a scroll of identify for 20 gold pieces
  6607 | D:8      | Bought a scroll of identify for 20 gold pieces
  6992 | D:8      | Reached XP level 10. HP: 30/80 MP: 12/12
  7634 | D:9      | Reached skill level 8 in Fighting
  7685 | D:9      | Gained mutation: You have large cloven feet. [mutagenic meat]
  7686 | D:9      | Gained mutation: Scrolls take you a little longer to read. [mutagenic meat]
  7687 | D:9      | Gained mutation: You have a pair of small horns on your head. [mutagenic meat]
  7704 | D:9      | Noticed a manticore
  7722 | D:9      | Killed a manticore
  7850 | D:9      | Reached *** piety under Qazlal
  7946 | D:9      | Found Paarunen's Assorted Antiques.
  8242 | D:9      | Found a shadowy altar of Dithmenos.
  8566 | D:9      | Reached skill level 5 in Invocations
  8620 | D:9      | Reached **** piety under Qazlal
  8637 | D:9      | Found an ancient bone altar of Kikubaaqudgha.
  8808 | D:9      | Noticed no0bjke's ghost (novice GrFi)
  8824 | D:9      | Killed no0bjke's ghost
  8840 | D:10     | Entered Level 10 of the Dungeon
  9304 | D:10     | Gained mutation: You are clumsy. (Dex -2) [potion of mutation]
  9304 | D:10     | Gained mutation: You are robust (+10% HP). [potion of mutation]
  9305 | D:10     | Gained mutation: Your spells are a little harder to cast, but a little more powerful. [potion of beneficial mutation]
  9328 | D:10     | Found a staircase to the Lair.
  9406 | D:10     | Gained mutation: You are mostly covered in iridescent scales (AC +6). [demonic ancestry]
  9406 | D:10     | Reached XP level 11. HP: 90/95 MP: 15/15
  9505 | D:11     | Reached skill level 9 in Fighting
  9634 | D:11     | Noticed a hill giant
  9640 | D:11     | Reached ***** piety under Qazlal
  9653 | D:11     | Killed a hill giant
  9846 | D:11     | Gained mutation: Your mind is acute. (Int +2) [mutagenic meat]
  9849 | D:11     | Lost mutation: Your spells are a little harder to cast, but a little more powerful. [mutagenic meat]
  9850 | D:11     | Gained mutation: You are very clumsy. (Dex -4) [mutagenic meat]
 10187 | D:12     | Noticed a hill giant
 10195 | D:12     | Killed an unseen horror
 10195 | D:12     | Killed a hill giant
 10626 | D:12     | Noticed Josephine
 10637 | D:12     | Killed Josephine
 10694 | D:12     | Noticed Urug
 10694 | D:12     | Found a sparkling altar of Nemelex Xobeh.
 10719 | D:12     | Killed Urug
 10759 | D:12     | Reached skill level 10 in Fighting
 10857 | D:12     | Noticed a hill giant
 10863 | D:12     | Gained mutation: You are completely covered in iridescent scales (AC +8). [demonic ancestry]
 10863 | D:12     | Reached XP level 12. HP: 106/106 MP: 18/18
 10872 | D:12     | Gained mutation: Your magical capacity is low (-10% MP). [mutagenic meat]
 10877 | D:12     | Gained mutation: You evolve. [mutagenic meat]
 10949 | D:12     | Found a staircase to the Orcish Mines.
 11097 | D:12     | Found Meploune's Magic Scroll Boutique.
 11265 | D:12     | Gained mutation: You are resistant to electric shocks. [evolution]
 11373 | D:13     | Noticed a centaur warrior
 11381 | D:13     | Noticed a vault guard
 11385 | D:13     | Noticed a vault guard
 11392 | D:12     | Reached ****** piety under Qazlal
 11457 | D:13     | Noticed a vault guard
 11458 | D:13     | Noticed a vault guard
 11466 | D:12     | Killed a vault guard
 11524 | D:13     | Noticed a vault guard
 11524 | D:13     | Noticed a vault guard
 11524 | D:13     | Noticed a vault guard
 11535 | D:12     | HP: 3/106 [slime creature (8)]
 11535 | D:12     | Mangled by a vault guard

Skill      XL: |  1  2  3  4  5  6  7  8  9 10 11 12 |
---------------+-------------------------------------+-----
Axes           | 2 3 4 5 6 7 8 |  8.9
Shields        | 3 4 5 6 8 9 |  9.4
Fighting       | 4 5 6 7 8 10 | 10.3
Armour         | 3 4 5 6 7 8 9 |  9.2
Invocations    | 3 6 8 9 |  9.0

Action                   |  1- 3 |  4- 6 |  7- 9 | 10-12 || total
-------------------------+-------+-------+-------+-------++-------
Melee: War axe           |    77 |   198 |   383 |   595 ||  1253
       Kick              |       |       |       |   165 ||   165
       Headbutt          |       |       |       |   112 ||   112
Throw: Tomahawk          |       |       |       |     6 ||     6
Invok: Elemental Force   |       |       |       |     1 ||     1
  Use: Potion            |     1 |       |     1 |     2 ||     4
       Scroll            |       |     8 |     9 |    16 ||    33
  Eat: Chunk             |       |     2 |     5 |    17 ||    24
       Bread ration      |       |     1 |       |     3 ||     4
       Meat ration       |       |       |     2 |       ||     2
       Fruit             |       |       |       |     6 ||     6
Armor: Scale mail        |    42 |    86 |       |   152 ||   280
       Chain mail        |       |    43 |   194 |       ||   237
       Plate armour      |       |       |       |   191 ||   191
Dodge: Dodged            |    33 |    84 |    61 |   124 ||   302
       Deflected         |       |       |       |     6 ||     6
Block: Shield            |    34 |   113 |   168 |   571 ||   886
